 Dungeon Crawl Stone Soup version 0.27.1-15-g792fb953b9 (webtiles) character file.

Game seed: 3464875927128068442

66 DenSaoPin the Chopper (level 4, -1/39 HPs)
             Began as a Hill Orc Monk on Nov 19, 2021.
             Slain by Jessica (3 damage)
             ... on level 2 of the Dungeon.
             The game lasted 00:03:37 (2187 turns).

DenSaoPin the Chopper (Hill Orc Monk)               Turns: 2187, Time: 00:03:38

Health: -1/39      AC:  5    Str: 14    XL:     4   Next: 15%
Magic:  4/4        EV: 11    Int: 10    God:
Gold:   48         SH:  0    Dex: 13    Spells: 3/3 levels left

rFire    . . .     SeeInvis .   a - +0 hand axe
rCold    . . .     Faith    .   (no shield)
rNeg     . . .     Spirit   .   g - +0 ring mail
rPois    .         Reflect  .   (no helmet)
rElec    .         Harm     .   (no cloak)
rCorr    .         Rampage  .   (no gloves)
Will     .....                  (no boots)
Stlth    ..........             (no amulet)
HPRegen  0.13/turn              (no ring)
MPRegen  0.09/turn              (no ring)

@: silenced (expiring)
A: no striking features
a: no special abilities


You were on level 2 of the Dungeon.
You visited 1 branch of the dungeon, and saw 2 of its levels.

You collected 48 gold pieces.

Inventory:

Hand Weapons
 a - a +0 hand axe (weapon)
Armour
 b - a +0 robe
 g - a +0 ring mail (worn)
Scrolls
 c - a scroll of identify {unknown}
 d - a scroll of fear {unknown}
 e - a scroll of magic mapping {unknown}


   Skills:
 - Level 3.6 Fighting
 + Level 5.4 Axes
 + Level 2.7 Armour
 - Level 2.4 Dodging
 - Level 1.5 Stealth


You had 3 spell levels left.
You didn't know any spells.
Your spell library contained the following spells:

 Spells                   Type           Power      Damage    Failure   Level
 Foxfire                  Conj/Fire      0%         2x1d4     58%         1
 Sting                    Tmut/Pois      0%         1d3       58%         1
 Poisonous Vapours        Pois/Air       0%         N/A       75%         2
 Conjure Flame            Conj/Fire      0%         6-21      92%         3
 Inner Flame              Hex/Fire       0%         N/A       92%         3
 Ozocubu's Armour         Ice            0%         N/A       92%         3
 Olgreb's Toxic Radiance  Pois           0%         N/A       100%        4
 Ozocubu's Refrigeration  Ice            0%         4d5       100%        7


Dungeon Overview and Level Annotations

Branches:
Dungeon (2/15)

Altars:

Shops:
D:1 ?

Annotations:
D:2 Jessica


Message History

Jessica casts a spell.
Jessica seems to speed up.
Jessica mumbles some strange words.
Jessica blinks!
There is an open door here.
You see here a giant cockroach corpse.
You aren't carrying any potions.
As you read the scroll labelled LYM TOISURGHOISIN, it crumbles to dust.
A profound silence engulfs you.
It was a scroll of silence.
Magic scrolls do not work when you're silenced!
Jessica barely misses you. The worm bites you. Jessica closely misses you.
You barely miss Jessica. You barely miss the worm. Jessica closely misses you.
The worm bites you. Jessica hits you with a +6 club.
You closely miss Jessica. You hit the worm. Jessica barely misses you.
You barely miss Jessica. You hit the worm but do no damage.
Jessica hits you with a +6 club. The worm bites you.
Jessica hits you with a +6 club.
You barely miss Jessica. You hit the worm. Jessica hits you with a +6 club!
You hit Jessica.
Jessica is moderately wounded.
You barely miss the worm. Jessica closely misses you.
The worm barely misses you. Jessica barely misses you.
You hit Jessica but do no damage.
Jessica is moderately wounded.
You hit the worm but do no damage. Jessica completely misses you.
The worm misses you.
You hit Jessica.
Jessica is heavily wounded.
You hit the worm. Jessica hits you with a +6 club!
* * * LOW HITPOINT WARNING * * *
Jessica hits you but does no damage.
You hit Jessica but do no damage.
Jessica is heavily wounded.
You completely miss the worm.
Jessica looks very angry.
Jessica hits you with a +6 club.
* * * LOW HITPOINT WARNING * * *
The worm misses you.
Jessica is no longer moving quickly.
Jessica hits you with a +6 club.
You die...

#........# #........#
#........#
#........#######+#
#............w...#
#........######....(§.
######†#####.. ......J
#....w@.# #.# .......
#.....@.####.#########.
#.......#....#>....
#.......#....#....#
#.......+....#....#
#.......#....#....+
#####.......<#....#
#.......##.#.#....#
#.......##.#..÷...#
#.................#


You could see a worm and Jessica.

Vanquished Creatures
  A gnoll (D:1)
  A worm (D:2)
  3 bats
  3 endoplasms
  5 giant cockroaches
  5 hobgoblins
  11 jackals
  3 ball pythons (D:1)
  8 goblins
  3 kobolds (D:1)
  3 rats
46 creatures vanquished.

Notes
Turn   | Place    | Note
-------+----------+-------------------------------------------
     0 | D:1      | DenSaoPin the Hill Orc Monk began the quest for the Orb.
     0 | D:1      | Reached XP level 1. HP: 19/19 MP: 1/1
    67 | D:1      | Found a faded altar of an unknown god.
   108 | D:1      | Found Reoddose's Magic Scroll Emporium.
   242 | D:1      | Reached skill level 1 in Armour
   242 | D:1      | Reached XP level 2. HP: 21/26 MP: 2/2
   731 | D:1      | Reached XP level 3. HP: 24/31 MP: 3/3
   929 | D:1      | Reached skill level 5 in Axes
  1823 | D:2      | Reached XP level 4. HP: 27/39 MP: 4/4
  2153 | D:2      | Noticed Jessica
  2187 | D:2      | Slain by Jessica

Illustrated notes

Levels and vault maps discovered:
D:1:      wander_arrival_chamber, layout_loops_corners,
          ebering_ecumenical_altar_ruins, serial_shops, nicolae_shop_trees,
          lemuel_flame_loot_1
D:2:      layout_basic, uniq_jessica

Skill      XL: |  1  2  3 |
---------------+----------+-----
Armour         | 1 2 |  2.7
Axes           | 5 |  5.4
Fighting       | |  3.6
Dodging        | |  2.4
Stealth        | |  1.5

Action                   |  1- 3 |  4- 6 || total
-------------------------+-------+-------++-------
Melee: Hand axe          |   120 |    36 ||   156
  Use: Scroll            |       |     1 ||     1
 Stab: Sleeping          |     2 |     1 ||     3
Armor: Robe              |    19 |     7 ||    26
       Ring mail         |       |     1 ||     1
Dodge: Dodged            |    88 |    42 ||   130
